AoeStats
← 喜多川海梦

Arena

508178342Analyzed
4v4 RM · 2mo ago on Sep 21, 2026· 68m 41s· 8 players
Game mode
Random Map
Map size
Large (8 player)
Population
200
Speed
Normal
Resources
Standard
Victory
Conquest
Starting age
Dark Age
Ending age
Imperial Age
RankedLock teamsTeams togetherTeam positionsShared explorationLock speedFull tech treeHidden civsTurbo modeCheats
Victory
Defeat
🇦🇷 Bohemians · Argentina
1178
+13
🇭🇰 Britons · Hong Kong SAR China
1176
+13
🇭🇰 Poles · Hong Kong SAR China
1165
+13
🇭🇰 Wei · Hong Kong SAR China
1128
+14
vs
🇨🇳 Bulgarians · China
1122
-14
🇨🇳 Khmer · China
1104
-13
🇨🇳 Huns · China
1090
-13
🇨🇳 Italians · China
1087
-13
Aker Starlight
10:20 Feudal Age
11:00 Double-Bit Axe
10:57 Horse Collar
17:17 Castle Age
15:23 Loom
16:14 Bloodlines
16:49 Stone Mining
16:53 Gold Mining
18:39 Wheelbarrow
18:56 Light Cavalry
20:07 Bow Saw
20:58 Heavy Plow
23:17 Gold Shaft Mining
23:30 Hand Cart
30:25 Imperial Age
29:58 Scale Barding Armor
30:03 Forging
31:00 Chain Barding Armor
30:33 Heavy Hei Guang Cavalry
32:16 Iron Casting
32:28 Crop Rotation
32:36 Tuntian
34:39 Ming Guang Armor
34:33 Fletching
37:19 Chemistry
36:31 Masonry
36:46 Conscription
38:04 Blast Furnace
38:09 Hoardings
38:51 Bodkin Arrow
39:45 Fortified Wall
41:46 Bracer
41:47 Padded Archer Armor
41:28 Hussar
43:11 Parthian Tactics
42:51 Thumb Ring
44:13 Leather Archer Armor
44:10 Elite Skirmisher
45:41 Ballistics
52:09 Ring Archer Armor
65:21 Treadmill Crane
67:51 Caravan
kit7292001
9:07 Loom
11:01 Feudal Age
12:07 Double-Bit Axe
12:11 Horse Collar
17:37 Castle Age
15:36 Gold Mining
15:53 Stone Mining
19:33 Fletching
24:09 Bodkin Arrow
24:28 Heavy Plow
24:47 Bow Saw
24:31 Pikeman
32:59 Imperial Age
31:32 Ballistics
32:50 Wheelbarrow
32:46 Yeomen
34:54 Bracer
35:57 Chemistry
35:18 Forging
35:09 Padded Archer Armor
35:50 Elite Longbowman
37:43 Leather Archer Armor
37:28 Scale Mail Armor
38:04 Iron Casting
38:56 Ring Archer Armor
39:02 Iron Casting
39:44 Warwolf
40:09 Conscription
39:13 Capped Ram
40:35 Hand Cart
41:32 Two-Man Saw
41:25 Fortified Wall
42:37 Halberdier
44:33 Squires
60:29 Blast Furnace
59:44 Chain Mail Armor
61:36 Husbandry
60:57 Light Cavalry
tonytctang
2:42 Loom
11:03 Feudal Age
11:50 Horse Collar
11:58 Double-Bit Axe
18:52 Castle Age
16:46 Gold Mining
18:19 Bloodlines
18:04 Stone Mining
20:28 Bow Saw
21:09 Heavy Plow
25:22 Wheelbarrow
24:56 Husbandry
25:08 Forging
25:04 Scale Barding Armor
25:42 Szlachta Privileges
27:23 Iron Casting
31:57 Hand Cart
31:27 Town Watch
35:00 Chain Barding Armor
35:47 Town Patrol
38:45 Imperial Age
37:44 Stone Shaft Mining
39:01 Cavalier
40:43 Blast Furnace
40:06 Conscription
40:53 Crop Rotation
42:42 Scale Mail Armor
44:05 Chain Mail Armor
43:14 Pikeman
43:54 Squires
43:39 Arson
44:19 Light Cavalry
45:36 Plate Mail Armor
44:56 Fletching
46:22 Lechitic Legacy
45:39 Winged Hussar
48:31 Hoardings
47:53 Bodkin Arrow
47:59 Padded Archer Armor
47:21 Man-at-Arms
49:29 Masonry
49:24 Siege Engineers
49:30 Fortified Wall
49:40 Ballistics
49:01 Treadmill Crane
53:55 Elite Obuch
54:37 Bracer
54:52 Leather Archer Armor
56:16 Sappers
60:30 Murder Holes
61:36 Chemistry
66:29 Caravan
67:01 Coinage
ihhn0t
10:43 Feudal Age
14:31 Castle Age
12:44 Double-Bit Axe
13:05 Horse Collar
15:42 Bow Saw
20:45 Fervor
22:02 Wheelbarrow
23:18 Padded Archer Armor
23:40 Hand Cart
23:19 Loom
25:03 Chemistry
24:59 Leather Archer Armor
24:44 Town Watch
26:21 Wagenburg Tactics
27:40 Siphons
30:16 Imperial Age
27:53 Fletching
27:40 Pikeman
28:21 Squires
27:49 Man-at-Arms
28:31 Squires
28:47 Forging
28:38 Scale Mail Armor
28:48 Town Patrol
29:28 Heavy Plow
29:37 Long Swordsman
30:03 Arson
31:38 Ring Archer Armor
31:46 Iron Casting
31:26 Chain Mail Armor
31:22 Two-Handed Swordsman
32:19 Champion
34:46 Blast Furnace
34:47 Siege Engineers
34:40 Pikeman
36:15 Halberdier
41:30 Masonry
48:06 Plate Mail Armor
50:51 Fortified Wall
54:42 Bodkin Arrow
55:52 Coinage
55:22 Caravan
57:53 Architecture
66:29 Guilds
家恒
11:31 Feudal Age
12:14 Double-Bit Axe
13:10 Horse Collar
18:30 Castle Age
19:41 Bow Saw
24:28 Wheelbarrow
23:41 Town Watch
26:09 Hand Cart
32:25 Imperial Age
30:07 Heavy Plow
31:26 Fortified Wall
31:44 Bloodlines
31:35 Husbandry
31:50 Forging
31:47 Scale Barding Armor
31:34 Fletching
31:45 Padded Archer Armor
31:50 Tusk Swords
31:52 Stone Mining
31:53 Gold Mining
33:27 Iron Casting
33:13 Chain Barding Armor
32:55 Scale Mail Armor
32:51 Bodkin Arrow
33:11 Leather Archer Armor
32:31 Elite Battle Elephant
33:33 Conscription
33:23 Pikeman
38:20 Plate Barding Armor
38:04 Capped Ram
39:51 Blast Furnace
41:14 Siege Ram
41:28 Halberdier
55:55 Caravan
59:28 Elite Ballista Elephant
66:35 Bracer
BIGSHARK
10:45 Feudal Age
15:33 Castle Age
14:41 Double-Bit Axe
14:39 Horse Collar
15:06 Scale Barding Armor
15:37 Loom
23:19 Forging
23:49 Bow Saw
30:52 Heavy Plow
37:44 Imperial Age
35:51 Chain Barding Armor
36:36 Stone Mining
36:37 Gold Mining
37:44 Padded Archer Armor
37:34 Fletching
37:28 Elite Skirmisher
38:28 Leather Archer Armor
38:21 Pikeman
39:18 Scale Mail Armor
40:04 Wheelbarrow
40:57 Chemistry
40:13 Bodkin Arrow
42:09 Plate Barding Armor
42:33 Bracer
43:08 Halberdier
44:51 Ballistics
45:11 Hand Cart
51:51 Town Watch
54:23 Gold Mining
63:03 Arson
63:18 Squires
Tsukitech
10:59 Feudal Age
15:59 Castle Age
14:24 Double-Bit Axe
14:28 Horse Collar
23:02 Heavy Plow
23:43 Wheelbarrow
29:59 Imperial Age
28:00 Scale Barding Armor
28:07 Forging
28:31 Hand Cart
28:30 Marauders
29:23 Bloodlines
29:17 Husbandry
29:43 Chain Barding Armor
29:59 Iron Casting
31:15 Plate Barding Armor
31:41 Blast Furnace
31:06 Conscription
30:51 Elite Tarkan
36:42 Elite Skirmisher
37:28 Thumb Ring
37:16 Fletching
37:26 Padded Archer Armor
43:48 Bodkin Arrow
44:08 Leather Archer Armor
44:38 Pikeman
50:04 Halberdier
52:20 Bracer
52:35 Leather Archer Armor
52:20 Scale Mail Armor
62:10 Chain Mail Armor
喜多川海梦
11:10 Feudal Age
14:53 Castle Age
15:37 Double-Bit Axe
21:59 Imperial Age
23:43 Chemistry
25:59 Town Watch
26:30 Horse Collar
27:51 Fletching
29:09 Wheelbarrow
29:11 Padded Archer Armor
29:34 Ballistics
29:38 Bodkin Arrow
30:50 Gold Mining
31:29 Heavy Plow
32:59 Leather Archer Armor
32:55 Elite Genoese Crossbowman
35:14 Bracer
39:02 Ring Archer Armor
39:06 Conscription
39:03 Light Cavalry
39:43 Husbandry
39:54 Bloodlines
40:00 Forging
39:55 Scale Barding Armor
40:36 Stone Mining
40:39 Hussar
41:58 Iron Casting
43:49 Chain Barding Armor
45:58 Elite Skirmisher
46:45 Thumb Ring
50:38 Bow Saw
50:54 Town Patrol
51:09 Hand Cart
51:33 Caravan
62:01 Plate Barding Armor
62:27 Blast Furnace
68:12 Crop Rotation
69:03 Two-Man Saw
Connection lost

Rejoining the realm…

Still unreachable

The connection could not be restored.

Session expired

The server has moved on; the page needs a fresh start.